 Dungeon Crawl Stone Soup version 0.31-a0-149-g3fdcc5976a (webtiles) character file.

Game seed: 4748478588360966438

180 qw the Shooter (level 5, -2/46 HPs)
             Began as a Minotaur Hunter on June 7, 2023.
             Killed from afar by an orc wizard (8 damage)
             ... with a magic dart
             ... on level 3 of the Dungeon.
             The game lasted 00:00:38 (1561 turns).

qw the Shooter (Minotaur Hunter)                    Turns: 1561, Time: 00:00:38

Health: -2/46      AC:  3    Str: 15    XL:     5   Next: 33%
Magic:  4/4        EV: 12    Int:  6    God:
Gold:   76         SH:  0    Dex: 16    Spells: 4/4 levels left

rFire   . . .        Y - +0 shortbow
rCold   . . .        (shield currently unavailable)
rNeg    . . .        c - +0 leather armour
rPois   .            (helmet restricted)
rElec   .            (no cloak)
rCorr   .            (no gloves)
SInv    .            (no boots)
Will    .....        (no amulet)
Stlth   +            (no ring)
HPRegen 0.27/turn    (no ring)
MPRegen 0.09/turn

%: no passive effects
@: confused
A: horns 2, retaliatory headbutt
a: no special abilities


You were on level 3 of the Dungeon.
You visited 1 branch of the dungeon, and saw 3 of its levels.

You collected 76 gold pieces.


Innate Abilities, Weirdness & Mutations

You have a pair of horns on your head.
You reflexively headbutt those who attack you in melee.


   Skills:
 + Level 3.9 Fighting
 - Level 6.7 Ranged Weapons
 - Level 2.1 Dodging
 - Level 0.7 Stealth


You had 4 spell levels left.
You didn't know any spells.
Your spell library was empty.

Inventory:

Hand Weapons
 Y - a +0 shortbow (weapon)
Armour
 c - a +0 leather armour (worn)
Scrolls
 b - a scroll of poison {unknown}
 h - a scroll of teleportation {unknown}
 j - a scroll of immolation {unknown}
Potions
 a - a potion of berserk rage {unknown}
 d - a potion of might
 e - a potion of haste {unknown}
 f - a potion of heal wounds {unknown}
 g - a potion of degeneration {unknown}
 i - a potion of mutation {unknown}

Dungeon Overview and Level Annotations

Branches:
Dungeon (3/15)

Altars:
Ashenzari

Shops:
D:1 [


Message History

The arrow hits the orc priest but does no damage.
You hear some strange, mumbled words.
A magic dart appears from out of thin air!
The magic dart hits you. The orc priest barely misses you.
You shoot an arrow.
The arrow closely misses the orc priest.
Something hits you.
The orc priest hits you with a +0 short sword.
You shoot an arrow.
The arrow closely misses the orc priest.
Something hits you. The orc priest completely misses you.
The orc priest hits you but does no damage.
Something hits you but does no damage.
You shoot an arrow. The arrow barely misses the orc priest.
You hear some strange, mumbled words.
A puff of flame appears from out of thin air!
The puff of flame misses you.
The orc priest hits you with a +0 short sword.
You shoot an arrow. The arrow hits the orc priest.
The orc priest is lightly wounded.
Something hits you. The orc priest completely misses you.
You shoot an arrow. The arrow hits the orc priest.
The orc priest is moderately wounded.
The orc priest hits you with a +0 short sword.
You hear some strange, mumbled words.
You are confused.
Something hits you but does no damage.
The orc priest invokes the aid of Beogh against you.
Beogh smites you!
The orc priest invokes the aid of Beogh against you.
Pain shoots through your body! Something hits you.
The orc priest closely misses you. Something hits you but does no damage.
A rat comes into view.
Something hits you. The orc priest misses you.
The orc priest hits you with a +0 short sword.
Something hits you.
You hear some strange, mumbled words.
A magic dart appears from out of thin air!
The magic dart hits you!
You die...

### #.# ## #.# .# #.# .#
#.# .# #.# .# #<#########
.###########o###.........#
......r....@{..#########.#
...........#......# #.#
...........#.###### #.#
...........#.# #.#
#..........#.## #.#
#######.####..# #.#
..#####.####..####### #.#
.......>............# #.#
..#####.#.........).. #.#


You could see an orc priest and a rat.

Vanquished Creatures
  An ogre (D:3)
  4 adders
  2 dart slugs
  2 orcs (D:3)
  2 bats
  6 endoplasms
  4 giant cockroaches
  4 goblins
  5 hobgoblins
  5 quokkas
  5 ball pythons
  2 frilled lizards (D:2)
  4 kobolds
  7 rats
53 creatures vanquished.

Notes
Turn   | Place    | Note
-------+----------+-------------------------------------------
     0 | D:1      | qw the Minotaur Hunter began the quest for the Orb.
     0 | D:1      | Reached XP level 1. HP: 18/18 MP: 0/0
     0 | D:1      | 0 ||| qw: Version: 0.2-a-117-gc6b5c8b
     0 | D:1      | 0 ||| qw: Game counter: 2666
     0 | D:1      | 0 ||| qw: Always use a shield: true
     0 | D:1      | 0 ||| qw: God list: Okawaru
     0 | D:1      | 0 ||| qw: Allow faded altars: false
     0 | D:1      | 0 ||| qw: Do Orc after D:15 true
     0 | D:1      | 0 ||| qw: Do second Lair branch before Depths: true
     0 | D:1      | 0 ||| qw: Lair rune preference: random
     0 | D:1      | 0 ||| qw: Plans: Normal
     0 | D:1      | 0 ||| PLANNING D:1-11
    20 | D:1      | Found Laamatin's Antique Armour Boutique.
    23 | D:1      | 23 ||| SHOPLISTING +2 hood of the Assassin {Detect Stab+
                  | Stlth++} (1440 gold, have 0).
    23 | D:1      | 23 ||| SHOPLISTING glowing leather armour (120 gold, have
                  | 0).
    23 | D:1      | 23 ||| SHOPLISTING glowing scarf (192 gold, have 0).
    23 | D:1      | 23 ||| SHOPLISTING pair of gloves (108 gold, have 0).
    23 | D:1      | 23 ||| SHOPLISTING ring mail (96 gold, have 0).
   202 | D:1      | Reached XP level 2. HP: 25/25 MP: 1/1
   208 | D:1      | Reached skill level 5 in Ranged Weapons
   378 | D:1      | Reached skill level 3 in Fighting
   593 | D:1      | 593 ||| READING scroll labelled WULODW LUFAEXTETS.
   594 | D:1      | 594 ||| DRINKING 2 bubbling grey potions.
   595 | D:1      | 595 ||| DROPPING scroll of butterflies.
   669 | D:2      | Reached XP level 3. HP: 31/31 MP: 2/2
   739 | D:2      | Found a faded altar of an unknown god.
   825 | D:2      | Found a broken altar of Ashenzari.
  1096 | D:2      | 1096 ||| READING scroll labelled CAIRGH RO ZEH.
  1199 | D:3      | Noticed an ogre
  1206 | D:3      | Killed an ogre
  1207 | D:3      | Reached skill level 6 in Ranged Weapons
  1207 | D:3      | Reached XP level 4. HP: 38/38 MP: 3/3
  1226 | D:3      | Reached XP level 5. HP: 45/45 MP: 4/4
  1560 | D:3      | HP: 9/46 [orc priest/+0 short sword (4)]
  1561 | D:3      | Killed from afar by an orc wizard

Levels and vault maps discovered:
D:1:      dpeg_arrival_tiny_a, layout_loops_ring, serial_shops,
          nicolae_shop_tiny_real_fake_doors, nicolae_eternal_life
D:2:      layout_rooms, basic_altar, chequers_ecumenical_altar_simple_redux,
          grunt_ministairs_15, chequers_serial_rivers_micro_d
D:3:      minmay_octagon_keep, layout_basic, minmay_pentangle

Skill      XL: |  1  2  3 |
---------------+----------+-----
Ranged Weapons | 5 6 |  6.7
Fighting       | 3 |  3.9
Dodging        | |  2.1
Stealth        | |  0.7

Action                     |  1- 3 |  4- 6 || total
---------------------------+-------+-------++-------
   Fire: Shortbow          |   106 |    39 ||   145
    Use: Scroll            |     2 |       ||     2
         Potion            |     1 |       ||     1
 Armour: Leather armour    |    13 |     4 ||    17
  Dodge: Dodged            |    21 |    15 ||    36

Table legend:
 A = Non-vault XP
 B = Vault XP
 C = Vault XP percentage of total XP
 D = Non-vault monster count
 E = Vault monster count
 F = Vault count percentage of total count
                 A         B        C        D         E       F
            +---------+---------+-------+---------+---------+-------
      Total |     204 |      54 |  20.9 |      44 |       9 |  17.0
            +---------+---------+-------+---------+---------+-------
        D:1 |      40 |       0 |   0.0 |      22 |       0 |   0.0
        D:2 |      22 |      16 |  42.1 |      13 |       2 |  13.3
        D:3 |     142 |      38 |  21.1 |       9 |       7 |  43.8
            +---------+---------+-------+---------+---------+-------
